AoeStats
← Insanesticker

Arabia

506005656Analyzed
1v1 RM · 21d ago on Sep 12, 2026· 45m 14s· 2 players
Game mode
Random Map
Map size
Tiny (2 player)
Population
200
Speed
Normal
Resources
Standard
Victory
Conquest
Starting age
Dark Age
Ending age
Imperial Age
RankedLock teamsTeams togetherTeam positionsShared explorationLock speedFull tech treeHidden civsTurbo modeCheats
Victory
Defeat
🇬🇧 Byzantines · United Kingdom
1068
+14
🇦🇺 Britons · Australia
1035
-14
Insanesticker
8:44 Loom
10:33 Feudal Age
16:30 Castle Age
16:19 Double-Bit Axe
16:16 Horse Collar
23:01 Husbandry
23:52 Bow Saw
24:41 Scale Barding Armor
24:46 Light Cavalry
26:47 Yeomen
27:20 Fletching
31:35 Treadmill Crane
32:59 Bodkin Arrow
35:49 Ballistics
35:25 Murder Holes
37:11 Forging
42:04 Padded Archer Armor
42:47 Pikeman
45:34 Squires
spilling
8:11 Loom
9:57 Feudal Age
11:19 Double-Bit Axe
12:01 Horse Collar
20:23 Castle Age
19:17 Scale Mail Armor
19:41 Forging
20:33 Pikeman
23:39 Bow Saw
23:55 Heavy Plow
24:22 Squires
25:23 Stone Mining
25:56 Gold Mining
26:46 Iron Casting
26:02 Fletching
28:47 Chain Mail Armor
29:18 Elite Skirmisher
32:40 Wheelbarrow
36:53 Imperial Age
35:49 Gold Shaft Mining
36:04 Bodkin Arrow
36:09 Padded Archer Armor
39:01 Chemistry
38:22 Ballistics
37:25 Onager
40:39 Hand Cart
41:14 Conscription
40:21 Halberdier
41:11 Bracer
43:37 Crop Rotation
44:09 Two-Man Saw
43:42 Arson
44:52 Elite Cataphract
Connection lost

Rejoining the realm…

Still unreachable

The connection could not be restored.

Session expired

The server has moved on; the page needs a fresh start.